 Dungeon Crawl Stone Soup version 0.25-a0-502-g6516661a7a (webtiles) character file.

Game seed: 143836768920516788, levelgen mode: deterministic

392 manyhoops the Magician (level 6, 0/44 HPs)
             Began as a Gnoll Wanderer on Feb 12, 2020.
             Succumbed to a worker ant's poison
             ... on level 4 of the Dungeon.
             The game lasted 00:07:17 (3335 turns).

manyhoops the Magician (Gnoll Wanderer)             Turns: 3335, Time: 00:07:17

Health: 0/44       AC:  7    Str: 14    XL:     6   Next: 80%
Magic:  14/14      EV: 16    Int: 15    God:
Gold:   138        SH:  6    Dex: 16    Spells: 11/15 levels left

rFire    + + .     SeeInvis .   a - +2 falchion
rCold    + . .     Gourm    .   c - +1 buckler
rNeg     . . .     Faith    .   p - +1 leather armour {rF+}
rPois    +         Spirit   .   b - +2 hat
rElec    +         Reflect  .   (no cloak)
rCorr    +         Harm     .   h - +0 pair of gloves
MR       .....                  (no boots)
Stlth    +++.......             (no amulet)
HPRegen  0.14/turn              r - +3 ring of evasion
MPRegen  0.14/turn              (no ring)

@: lethally poisoned (0 -> -13), resistant
A: distributed training, fangs 1, strong nose
a: no special abilities


You were on level 4 of the Dungeon.
You were hungry.

You visited 1 branch of the dungeon, and saw 4 of its levels.

You collected 138 gold pieces.

Inventory:

Hand Weapons
 a - a +2 falchion (weapon)
 q - a +0 morningstar
Missiles
 d - 113 stones (quivered)
 l - 8 datura-tipped darts
Armour
 b - a +2 hat (worn)
 c - a +1 buckler (worn)
 h - a +0 pair of gloves (worn)
 p - a +1 leather armour of fire resistance (worn)
Jewellery
 r - a +3 ring of evasion (left hand)
Scrolls
 e - 2 scrolls of noise
 g - a scroll of enchant armour
 k - a scroll of teleportation
 s - 4 scrolls of identify
Potions
 m - a potion of resistance
 o - a potion of might
Comestibles
 f - 7 rations


   Skills:
 + Level 2.1 Fighting
 + Level 2.1 Short Blades
 + Level 5.0 Long Blades
 + Level 2.1 Axes
 + Level 2.1 Maces & Flails
 + Level 2.1 Polearms
 + Level 2.1 Staves
 + Level 2.1 Slings
 + Level 2.1 Bows
 + Level 2.1 Crossbows
 + Level 3.3 Throwing
 + Level 2.1 Armour
 + Level 3.3 Dodging
 + Level 4.6 Stealth
 + Level 3.3 Shields
 + Level 2.1 Unarmed Combat
 + Level 5.4 Spellcasting
 + Level 1.6 Conjurations
 + Level 1.6 Hexes
 + Level 1.6 Charms
 + Level 1.6 Summonings
 + Level 1.6 Necromancy
 + Level 1.6 Translocations
 + Level 1.6 Transmutations
 + Level 2.7 Fire Magic
 + Level 1.6 Ice Magic
 + Level 1.6 Air Magic
 + Level 1.6 Earth Magic
 + Level 1.6 Poison Magic
 + Level 2.3 Invocations
 + Level 2.1 Evocations


You had 11 spell levels left.
You knew the following spells:

 Your Spells              Type           Power        Failure   Level  Hunger
a - Sandblast             Erth           #.....       11%         1    None
b - Stone Arrow           Conj/Erth      #.....       32%         3    ###....

Your spell library contained the following spells:

 Spells                   Type           Power        Failure   Level  Hunger


Dungeon Overview and Level Annotations

Branches:
Dungeon (4/15)
 Temple: D:4-7

Altars:


Innate Abilities, Weirdness & Mutations

Your experience applies equally to all skills.
You have very sharp teeth.
Your uncanny sense of smell can sniff out nearby items.


Message History

You see here a ball python corpse.
* * * LOW HITPOINT WARNING * * *
You feel sick.
* * * LOW HITPOINT WARNING * * *
You feel sick.
As you read the scroll labeled SISONKA ZEENG, it crumbles to dust.
The dust glows gleaming mauve!
It was a scroll of random uselessness.
* * * LOW HITPOINT WARNING * * *
You feel sick.
As you read the scroll labeled NILEOF KUCRY, it crumbles to dust.
It is a scroll of enchant armour.
Your +0 buckler glows green for a moment.
* * * LOW HITPOINT WARNING * * *
You feel sick.
You feel protected.
* * * LOW HITPOINT WARNING * * *
You feel sick.
* * * LOW HITPOINT WARNING * * *
You feel sick.
You die...

#. #.#.# .#
#.###.#.###.
##..[.......#
............#
#..........#
##..........#
.......<....# ∆
#.......†..#
##......@...# .
##...........###...
#.#................
#..................
#....##....#.#.....
###.#..###...........
#...#....#.#.#.......
#.....##.#.#........>
#.....##......##.!...


There were no monsters in sight!

Vanquished Creatures
  An ogre (D:3)
  A howler monkey (D:3)
  A hound (D:4)
  An orc priest (D:3)
  An orc wizard (D:3)
  A worker ant (D:4)
  3 adders (D:3)
  2 oozes
  A worm (D:3)
  5 dart slugs
  A leopard gecko (D:1)
  16 orcs (D:3)
  5 giant cockroaches
  8 goblins
  11 hobgoblins
  7 jackals
  2 ball pythons
  A ball python skeleton (D:4)
  7 bats
  15 kobolds
  3 rats
93 creatures vanquished.

Vanquished Creatures (others)
  2 plants (D:3)
2 creatures vanquished.

Grand Total: 95 creatures vanquished

Notes
Turn   | Place    | Note
-------+----------+-------------------------------------------
     0 | D:1      | manyhoops the Gnoll Wanderer began the quest for the Orb.
     0 | D:1      | manyhoops set off with the following items: a +2 falchion,
                  | a +0 buckler, a +0 robe, a +0 dagger, a ration; and the
                  | following spell memorised: Sandblast; and the following
                  | spells available to memorise: Stone Arrow
     0 | D:1      | Reached XP level 1. HP: 13/13 MP: 6/6
    44 | D:1      | Reached XP level 2. HP: 15/19 MP: 7/7
   566 | D:1      | Reached XP level 3. HP: 21/25 MP: 9/9
   588 | D:1      | Reached skill level 5 in Spellcasting
   754 | D:1      | Reached skill level 1 in Invocations
  1448 | D:2      | Reached skill level 1 in Fighting
  1448 | D:2      | Reached skill level 1 in Short Blades
  1448 | D:2      | Reached skill level 1 in Axes
  1448 | D:2      | Reached skill level 1 in Maces & Flails
  1448 | D:2      | Reached skill level 1 in Polearms
  1448 | D:2      | Reached skill level 1 in Staves
  1448 | D:2      | Reached skill level 1 in Slings
  1448 | D:2      | Reached skill level 1 in Bows
  1448 | D:2      | Reached skill level 1 in Crossbows
  1448 | D:2      | Reached skill level 1 in Armour
  1448 | D:2      | Reached skill level 1 in Unarmed Combat
  1448 | D:2      | Reached skill level 1 in Evocations
  1591 | D:2      | Reached XP level 4. HP: 32/32 MP: 11/11
  2160 | D:3      | Noticed an ogre
  2165 | D:3      | Killed an ogre
  2165 | D:3      | Reached skill level 1 in Conjurations
  2165 | D:3      | Reached skill level 1 in Hexes
  2165 | D:3      | Reached skill level 1 in Charms
  2165 | D:3      | Reached skill level 1 in Summonings
  2165 | D:3      | Reached skill level 1 in Necromancy
  2165 | D:3      | Reached skill level 1 in Translocations
  2165 | D:3      | Reached skill level 1 in Transmutations
  2165 | D:3      | Reached skill level 1 in Ice Magic
  2165 | D:3      | Reached skill level 1 in Air Magic
  2165 | D:3      | Reached skill level 1 in Earth Magic
  2165 | D:3      | Reached skill level 1 in Poison Magic
  2165 | D:3      | Reached XP level 5. HP: 37/37 MP: 12/12
  2181 | D:3      | Reached XP level 6. HP: 43/44 MP: 9/13
  2656 | D:3      | Reached skill level 5 in Long Blades
  2825 | D:3      | Learned a level 3 spell: Stone Arrow
  2845 | D:3      | Found a faded altar of an unknown god.
  2902 | D:4      | HP: 1/44 [ogre/+0 giant club (14)]
  3333 | D:4      | HP: 2/44 [poisoned by a worker ant]
  3335 | D:4      | Succumbed to a worker ant's poison

Levels and vault maps discovered:
D:1:      minmay_arrival_five_plusses, layout_loops_corners
D:2:      layout_basic, minmay_puff
D:3:      layout_rooms, chequers_ecumenical_altar_lobes, corexii_hall_statues_i
D:4:      minmay_skewed_foursquare, layout_rooms,
          hangedman_abyss_or_decor_stagger, uniq_crazy_yiuf_cottage

Skill      XL: |  1  2  3  4  5  6 |
---------------+-------------------+-----
Fire Magic     | 2 |  2.7
Spellcasting   | 5 |  5.4
Invocations    | 1 2 |  2.3
Fighting       | 1 2 |  2.1
Short Blades   | 1 2 |  2.1
Axes           | 1 2 |  2.1
Maces & Flails | 1 2 |  2.1
Polearms       | 1 2 |  2.1
Staves         | 1 2 |  2.1
Slings         | 1 2 |  2.1
Bows           | 1 2 |  2.1
Crossbows      | 1 2 |  2.1
Armour         | 1 2 |  2.1
Unarmed Combat | 1 2 |  2.1
Evocations     | 1 2 |  2.1
Throwing       | 3 |  3.3
Dodging        | 3 |  3.3
Shields        | 3 |  3.3
Conjurations   | 1 |  1.6
Hexes          | 1 |  1.6
Charms         | 1 |  1.6
Summonings     | 1 |  1.6
Necromancy     | 1 |  1.6
Translocations | 1 |  1.6
Transmutations | 1 |  1.6
Ice Magic      | 1 |  1.6
Air Magic      | 1 |  1.6
Earth Magic    | 1 |  1.6
Poison Magic   | 1 |  1.6
Long Blades    | 5 |  5.0
Stealth        | |  4.6

Action                   |  1- 3 |  4- 6 || total
-------------------------+-------+-------++-------
Melee: Falchion          |    91 |   167 ||   258
       Bite              |    11 |    19 ||    30
 Cast: Sandblast         |     1 |     8 ||     9
Evoke: Wand              |       |     2 ||     2
  Use: Scroll            |       |     5 ||     5
       Potion            |       |     4 ||     4
 Stab: Sleeping          |     7 |     2 ||     9
  Eat: Ration            |     1 |       ||     1
       Chunk             |       |     4 ||     4
Armor: Robe              |     1 |       ||     1
       Leather armour    |    18 |    15 ||    33
       Ring mail         |     4 |    27 ||    31
Dodge: Dodged            |    47 |   103 ||   150
Block: Buckler           |    14 |    48 ||    62
       Rpst.: Falchion   |    15 |    29 ||    44

Table legend:
 A = Non-vault XP
 B = Vault XP
 C = Vault XP percentage of total XP
 D = Non-vault monster count
 E = Vault monster count
 F = Vault count percentage of total count
                 A         B        C        D         E       F
            +---------+---------+-------+---------+---------+-------
      Total |     556 |       4 |   0.7 |      90 |       3 |   3.2
            +---------+---------+-------+---------+---------+-------
        D:1 |      70 |       0 |   0.0 |      33 |       0 |   0.0
        D:2 |      18 |       4 |  18.2 |      10 |       3 |  23.1
        D:3 |     393 |       0 |   0.0 |      43 |       0 |   0.0
        D:4 |      75 |       0 |   0.0 |       4 |       0 |   0.0
            +---------+---------+-------+---------+---------+-------
